 Dungeon Crawl Stone Soup version 0.18.1-8-gdd0e5ea (webtiles) character file.

71 Scarto the Skirmisher (level 4, 0/35 HPs)
             Began as a Demonspawn Fighter on May 23, 2016.
             Was an Initiate of Trog.
             Succumbed to an adder's poison
             ... on level 3 of the Dungeon.
             The game lasted 00:03:07 (1655 turns).

Scarto the Skirmisher (Demonspawn Fighter)          Turns: 1655, Time: 00:03:08

Health: 0/35       AC:  6    Str: 17    XL:     4   Next: 5%
Magic:  4/4        EV:  7    Int:  9    God:    Trog [......]
Gold:   115        SH:  9    Dex: 13    Spells: 0 memorised, 3 levels left

rFire  . . .     SeeInvis .     a - +0 trident
rCold  . . .     Gourm    .     b - +0 scale mail
rNeg   . . .     Faith    .     c - +0 shield
rPois  .         Spirit   .     (no helmet)
rElec  .         Dismiss  .     (no cloak)
rCorr  .         Reflect  .     (no gloves)
SustAt .         Harm     .     (no boots)
MR     .....                    (no amulet)
Stlth  ..........               (no ring)
                                (no ring)

@: lethally poisoned (0 -> -9), not resistant to hostile enchantments, extremely
unstealthy
A: hooves 1, demonic guardian 1
a: Burn Spellbooks, Renounce Religion


You were on level 3 of the Dungeon.
You worshipped Trog.
Trog was noncommittal.
You were not hungry.

You visited 1 branch of the dungeon, and saw 3 of its levels.

You collected 115 gold pieces.

Inventory:

Hand Weapons
 a - a +0 trident (weapon)
Armour
 b - a +0 scale mail (worn)
 c - a +0 shield (worn)
Scrolls
 h - a scroll of noise {unknown}
 i - 2 scrolls of identify
 j - 2 scrolls of recharging {unknown}
 k - a scroll of fear {unknown}
 l - a scroll of remove curse
Potions
 d - a potion of might
 e - a potion of curing
 g - 2 potions of cancellation
 n - a potion of flight {unknown}
Comestibles
 f - 3 bread rations
 m - 3 meat rations


   Skills:
 + Level 3.5 Fighting
 + Level 2.4 Polearms
 + Level 3.2 Armour
 + Level 3.2 Shields


You had 3 spell levels left.
You didn't know any spells.

Dungeon Overview and Level Annotations

Branches:
Dungeon (3/15)

Altars:
Nemelex Xobeh
Trog
The Shining One


Innate Abilities, Weirdness & Mutations

You have large cloven feet.
A weak demonic guardian rushes to your aid.


Message History

You block the giant gecko's attack. The adder bites you.
* * * LOW HITPOINT WARNING * * *
You hit the giant gecko.
The giant gecko is moderately wounded.
* * * LOW HITPOINT WARNING * * *
You feel sick. You block the adder's attack. The giant gecko bites you.
* * * LOW HITPOINT WARNING * * *
The giant gecko barely misses you. You block the adder's attack.
You barely miss the giant gecko. Your kick misses the giant gecko.
The giant gecko is moderately wounded.
* * * LOW HITPOINT WARNING * * *
You feel sick. The adder bites you but does no damage.
You block the giant gecko's attack.
You puncture the giant gecko!
You kill the giant gecko!
Trog accepts your kill.
* * * LOW HITPOINT WARNING * * *
You feel sick. You block the adder's attack. The adder bites you.
* * * LOW HITPOINT WARNING * * *
You die...

#...............#
#..........._...####
#.......>[.........#
##.........>...###...
##..............#####
######.####........#
#.# #....###.# #.#
#....###.### #.#
#...@S...... #.#
#........... #.##
#........... #..#
#........... ##.#
#........... #.#
#........... #.#
#####....... #.#
####### #.#
#####.....


You could see an adder.

Vanquished Creatures
  3 adders (D:2)
  An ooze (D:1)
  2 dart slugs (D:2)
  2 giant geckos
  3 bats
  A giant cockroach (D:2)
  5 goblins
  7 hobgoblins
  2 jackals (D:2)
  4 kobolds (D:1)
  5 giant newts
  6 rats
41 creatures vanquished.

Vanquished Creatures (others)
  A wizard (D:3)
1 creature vanquished.

Grand Total: 42 creatures vanquished

Notes
Turn   | Place    | Note
--------------------------------------------------------------
     0 | D:1      | Scarto the Demonspawn Fighter began the quest for the Orb.
     0 | D:1      | Reached XP level 1. HP: 18/18 MP: 1/1
   262 | D:1      | Gained mutation: A weak demonic guardian rushes to your aid. [demonic ancestry]
   262 | D:1      | Reached XP level 2. HP: 24/24 MP: 2/2
   608 | D:2      | Gained mutation: You have large cloven feet. [demonic ancestry]
   608 | D:2      | Reached XP level 3. HP: 5/29 MP: 3/3
  1338 | D:2      | Reached XP level 4. HP: 35/35 MP: 4/4
  1417 | D:2      | Found a glowing golden altar of the Shining One.
  1574 | D:3      | Found a sparkling altar of Nemelex Xobeh.
  1600 | D:3      | Found a bloodstained altar of Trog.
  1601 | D:3      | Noticed a wizard
  1606 | D:3      | Became a worshipper of Trog the Wrathful
  1606 | D:3      | Killed a wizard
  1654 | D:3      | HP: 1/35 [adder (4)]
  1655 | D:3      | Succumbed to an adder's poison

Skill      XL: |  1  2  3 |
---------------+----------+-----
Polearms       | 2 |  2.4
Shields        | 3 |  3.2
Armour         | 3 |  3.2
Fighting       | |  3.5

Action                   |  1- 3 |  4- 6 || total
-------------------------+-------+-------++-------
Melee: Trident           |   188 |    17 ||   205
       Kick              |    24 |     4 ||    28
  Use: Potion            |     4 |       ||     4
       Scroll            |     3 |       ||     3
  Eat: Bread ration      |     1 |       ||     1
Armor: Scale mail        |    84 |     7 ||    91
Dodge: Dodged            |    48 |     9 ||    57
Block: Shield            |    80 |    15 ||    95
